 Dungeon Crawl Stone Soup version 0.23-a0-389-g4a5eb33 (webtiles) character file.

78 Cryolive the Digger (level 4, 0/24 HPs)
             Began as a Gargoyle Earth Elementalist on Oct 29, 2018.
             Killed by divine providence
             ... invoked by an orc priest
              (10 damage)
             ... on level 2 of the Dungeon.
             The game lasted 00:04:01 (1447 turns).

Cryolive the Digger (Gargoyle Earth Elementalist)   Turns: 1447, Time: 00:04:01

Health: 0/24       AC:  7    Str: 11    XL:     4   Next: 36%
Magic:  0/8        EV: 12    Int: 17    God:
Gold:   95         SH:  0    Dex: 10    Spells: 5/9 levels left

rFire    . . .     SeeInvis .   j - +2 dagger (drain)
rCold    . . .     Gourm    .   (no shield)
rNeg     + . .     Faith    .   c - +0 robe
rPois    ∞         Spirit   .   (no helmet)
rElec    +         Reflect  .   f - +0 cloak (curse)
rCorr    .         Harm     .   (no gloves)
MR       .....                  i - +0 pair of boots
Stlth    ++........             (no amulet)
HPRegen  0.08/turn              (no ring)
MPRegen  0.11/turn              (no ring)

@: no status effects
A: negative energy resistance 1, electricity resistance, unbreathing,
petrification resistance, rot immunity, AC +3
a: no special abilities


You were on level 2 of the Dungeon.
You were not hungry.

You visited 1 branch of the dungeon, and saw 2 of its levels.

You collected 95 gold pieces.

Inventory:

Hand Weapons
 j - a +2 dagger of draining (weapon)
Missiles
 b - 41 stones (quivered)
Armour
 c - a +0 robe (worn)
 f - a cursed +0 cloak (worn)
 i - a +0 pair of boots (worn)
 o - a +0 shield
Scrolls
 e - 2 scrolls of random uselessness {unknown}
 g - 2 scrolls of amnesia {unknown}
 h - a scroll of identify {unknown}
 k - a scroll of remove curse {unknown}
 l - 2 scrolls of enchant armour {unknown}
 n - a scroll of enchant weapon {unknown}
Potions
 m - a potion of might {unknown}
Comestibles
 d - 2 rations


   Skills:
 - Level 1.5 Dodging
 - Level 2.1 Stealth
 + Level 3.1 Spellcasting
 + Level 1.1 Conjurations
   Level 0.7 Transmutations
 + Level 4.8 Earth Magic


You had 5 spell levels left.
You knew the following spells:

 Your Spells              Type           Power        Failure   Level  Hunger
a - Sandblast             Erth           ###...       2%          1    None
b - Stone Arrow           Conj/Erth      ##....       16%         3    ###....

Your spell library contained the following spells:

 Spells                   Type           Power        Failure   Level  Hunger
 Passwall                 Tmut/Erth      ##......     9%          2    ##.....
 Confusing Touch          Hex            #.....       17%         1    None
 Confuse                  Hex            #.......     45%         3    ###....
 Gell's Gravitas          Tloc           #.........   45%         3    ###....
 Petrify                  Tmut/Erth      ##......     47%         4    ####...
 Lee's Rapid Deconstruct  Erth           ###.......   54%         5    ######.
 Metabolic Englaciation   Hex/Ice        #.........   99%         5    ######.
 Yara's Violent Unravell  Hex/Tmut       #.........   99%         5    ######.


Dungeon Overview and Level Annotations

Branches:
Dungeon (2/15)

Altars:


Innate Abilities, Weirdness & Mutations

You are resistant to torment.
Your stone body is resilient. (AC +3)
You are immune to poison.
You resist negative energy. (rN+)
You are resistant to electric shocks. (rElec)
You can survive without breathing.
You are immune to petrification.
You are immune to rotting.


Message History

Confirm with . or Enter, or press ? or * to list all spells.
Aiming: Sandblast (safe; 2% risk of failure)
Press: ? - help, Shift-Dir - straight line, f/p - orc priest
Aim: an orc priest, wielding a +0 club and wearing a +0 chain mail (heavily The blast of sand hits the orc priest.
The orc priest is heavily wounded.
b - 42 stones The orc hits you with a +0 war axe.
An orc comes into view. It is wielding a +0 dagger.
Casting: Sandblast (safe; 2% risk of failure)
Confirm with . or Enter, or press ? or * to list all spells.
Aiming: Sandblast (safe; 2% risk of failure)
Press: ? - help, Shift-Dir - straight line, f/p - orc priest
Aim: an orc priest, wielding a +0 club and wearing a +0 chain mail (heavily The blast of sand hits the orc priest.
The orc priest is severely wounded.
b - 41 stones The orc priest invokes the aid of Beogh against you.
Beogh smites you!
You die...

##############. #...#
#...........##. #...#
#...........##. #...#
#.............. #...#
#...........##. #...#
##########'###. #...#
#........###
#...######....)...###
+..o@))...........'..
#..o###o..........##.
#..o.##............#.
#.K..##............#.
#.(l.##......#####...
.oo..<....##......# #..#
######....##......######.#
.....................
##....#########....#.#


You could see an orc priest, 3 orcs, a leopard gecko and a kobold.

Vanquished Creatures
  An orc wizard (D:2)
  2 worms (D:2)
  A dart slug (D:1)
  A leopard gecko (D:1)
  4 orcs (D:2)
  4 giant cockroaches
  5 goblins (D:1)
  6 hobgoblins
  3 kobolds (D:1)
  4 bats (D:1)
  4 frilled lizards
  5 rats
40 creatures vanquished.

Notes
Turn   | Place    | Note
-------+----------+-------------------------------------------
     0 | D:1      | Cryolive the Gargoyle Earth Elementalist began the quest
                  | for the Orb.
     0 | D:1      | Reached XP level 1. HP: 10/10 MP: 3/3
   364 | D:1      | Reached XP level 2. HP: 13/15 MP: 5/5
   367 | D:1      | Reached skill level 4 in Earth Magic
   810 | D:1      | Reached XP level 3. HP: 12/19 MP: 6/6
   815 | D:1      | Learned a level 3 spell: Stone Arrow
  1436 | D:2      | Reached skill level 1 in Conjurations
  1436 | D:2      | Reached XP level 4. HP: 20/24 MP: 4/8
  1447 | D:2      | Killed from afar by an orc priest

Vault maps used:
D:1:      lemuel_arrival_funnel

Skill      XL: |  1  2  3 |
---------------+----------+-----
Earth Magic    | 4 |  4.8
Spellcasting   | 3 |  3.1
Conjurations   | 1 |  1.1
Dodging        | |  1.5
Stealth        | |  2.1
Transmutations | |  0.7

Action                   |  1- 3 |  4- 6 || total
-------------------------+-------+-------++-------
Melee: Whip              |    72 |       ||    72
       Unarmed           |    15 |       ||    15
       Dagger            |    31 |     3 ||    34
 Cast: Sandblast         |    19 |     6 ||    25
 Stab: Sleeping          |     2 |       ||     2
  Eat: Chunk             |     2 |       ||     2
Armor: Robe              |    50 |       ||    50
Dodge: Dodged            |    90 |       ||    90

Table legend:
 A = Non-vault XP
 B = Vault XP
 C = Vault XP percentage of total XP
 D = Non-vault monster count
 E = Vault monster count
 F = Vault count percentage of total count
                 A         B        C        D         E       F
            +---------+---------+-------+---------+---------+-------
      Total |     112 |       0 |   0.0 |      40 |       0 |   0.0
            +---------+---------+-------+---------+---------+-------
        D:1 |      45 |       0 |   0.0 |      27 |       0 |   0.0
        D:2 |      67 |       0 |   0.0 |      13 |       0 |   0.0
            +---------+---------+-------+---------+---------+-------
